 Dungeon Crawl Stone Soup version 0.31.0-11-ge490571c62 (webtiles) character file.

Game seed: 13882867327047772098

200 boopmooplesden the Covered (level 5, -6/45 HPs)
             Began as an Armataur Fighter on Feb 7, 2024.
             Mangled by Eustachio the iguana (11 damage)
             ... on level 4 of the Dungeon.
             The game lasted 00:04:33 (3085 turns).

boopmooplesden the Covered (Armataur Fighter)       Turns: 3085, Time: 00:04:33

Health: -6/45      AC: 10    Str: 22      XL:     5   Next: 49%
Magic:  5/5        EV:  7    Int:  8      God:
Gold:   120        SH:  4    Dex: 10 (11) Spells: 4/4 levels left

rFire   . . .        a - +0 long sword
rCold   + . .        c - +0 buckler
rNeg    . . .        l - +2 scale mail {rC+}
rPois   .            h - +0 helmet
rElec   .            (no cloak)
rCorr   +            (no gloves)
SInv    .            (no barding)
Will    .....        (no amulet) Stlth
                     g - ring of resist corrosion
HPRegen 0.27/turn    (no ring)
MPRegen 0.09/turn

%: roll
@: no status effects
A: large, deformed body, tough skin 3, armoured tail, roll 1
a: no special abilities


You were on level 4 of the Dungeon.
You visited 1 branch of the dungeon, and saw 4 of its levels.

You collected 120 gold pieces.

Inventory:

Hand Weapons
 a - a +0 long sword (weapon)
Missiles
 p - 2 boomerangs (quivered)
Armour
 b - a +0 scale mail
 c - a +0 buckler (worn)
 h - a +0 helmet (worn)
 l - a +2 scale mail of cold resistance (worn)
 m - the +1 leather armour "Xemm" {rElec Dex+4}
   (You found it on level 3 of the Dungeon)

   Dex+4:     It affects your dexterity (+4).
   rElec:     It insulates you from electricity.
Magical Staves
 n - the staff of a bailey {rElec rPois rCorr Str+3 Int+2 Air}
   (You found it on level 3 of the Dungeon)

   [staff of air]

   Base accuracy: +5 Base damage: 5 Base attack delay: 1.2 This weapon's minimum
   attack delay (0.6) is reached at skill level 12.
   Str+3:     It affects your strength (+3).
   Int+2:     It affects your intelligence (+2).
   rElec:     It insulates you from electricity.
   rPois:     It protects you from poison rCorr: It protects you from acid and
   corrosion.
   Air:       It increases the power of your Air spells.
   It falls into the 'Staves' category.
   It is a one-handed weapon.
Jewellery
 g - a ring of resist corrosion (left hand)
Wands
 d - a wand of polymorph (12)
Scrolls
 i - a scroll of vulnerability
Potions
 e - a potion of enlightenment {unknown}
 f - 2 potions of cancellation
 j - a potion of mutation
 k - a potion of attraction {unknown}


   Skills:
 + Level 3.1 Fighting
 + Level 3.0 Long Blades
 + Level 4.9 Armour
 + Level 1.1 Dodging
 + Level 0.2 Stealth
 + Level 4.4 Shields


You had 4 spell levels left.
You didn't know any spells.
Your spell library contained the following spells:

 Spells                   Type           Power      Damage    Failure   Level
 Summon Ice Beast         Ice/Summ       0%         N/A       98%         3
 Summon Mana Viper        Hex/Summ       0%         N/A       100%        5
 Monstrous Menagerie      Summ           0%         N/A       100%        7


Dungeon Overview and Level Annotations

Branches:
Dungeon (4/15)
 Temple: D:4-7

Altars:
Fedhas
Nemelex Xobeh
Sif Muna

Annotations:
D:4 Eustachio


Innate Abilities, Weirdness & Mutations

Armour fits poorly on your strangely shaped body.
You have extremely tough skin. (AC +3)
You have a long armoured tail.
You regenerate magic when rolling toward enemies. (Rampage MPRegen)


Message History

You climb upwards.
There is a stone staircase leading down here.
You start resting.
HP restored.
You climb downwards.
Level annotation: Eustachio Eustachio bites you!
Eustachio barely misses you.
There is a stone staircase leading up here.
You hit Eustachio but do no damage. Eustachio bites you but does no damage.
You closely miss Eustachio. Eustachio bites you.
You closely miss Eustachio. You tail-slap Eustachio.
Eustachio is moderately wounded.
You block Eustachio's attack. Eustachio bites you!
You hit Eustachio but do no damage. You tail-slap Eustachio.
Eustachio is severely wounded.
Eustachio bites you but does no damage.
You hit Eustachio.
Eustachio is severely wounded.
Eustachio bites you but does no damage.
You closely miss Eustachio.
Your tail-slap misses Eustachio.
Eustachio is severely wounded.
Eustachio hisses menacingly.
Eustachio bites you but does no damage. Eustachio closely misses you.
You barely miss Eustachio.
Eustachio is severely wounded.
You block Eustachio's attack.
You barely miss Eustachio.
Your tail-slap misses Eustachio.
Eustachio is severely wounded.
Eustachio bites you.
You hit Eustachio.
Your tail-slap misses Eustachio.
Eustachio is almost dead.
Eustachio bites you!
You hit Eustachio.
Eustachio is almost dead.
Eustachio bites you!
* * * LOW HITPOINT WARNING * * *
You barely miss Eustachio.
Your tail-slap misses Eustachio.
Eustachio is almost dead.
Eustachio bites you!
You die...

###.#
#.#
#.#
#.#
#.#
#.#
#.#
#l#
#@#
#.#
###


You could see Eustachio the iguana.

Vanquished Creatures
  A bombardier beetle (D:3)
  Jessica (D:3)
  Terence (D:2)
  Natasha (D:3)
  3 adders
  A dart slug (D:2)
  An orc (D:3)
  7 ball pythons
  5 endoplasms
  2 giant cockroaches
  5 goblins
  5 hobgoblins
  3 jackals (D:1)
  5 kobolds
  4 quokkas
  3 bats
  5 frilled lizards
  7 rats
60 creatures vanquished.

Notes
Turn   | Place    | Note
-------+----------+-------------------------------------------
     0 | D:1      | boopmooplesden the Armataur Fighter began the quest for the
                  | Orb.
     0 | D:1      | Reached XP level 1. HP: 18/18 MP: 1/1
   231 | D:1      | Reached XP level 2. HP: 23/25 MP: 2/2
   741 | D:1      | Reached XP level 3. HP: 31/31 MP: 3/3
  1320 | D:2      | Found a sparkling altar of Nemelex Xobeh.
  1324 | D:2      | Found a faded altar of an unknown god.
  1681 | D:2      | Noticed Terence
  1744 | D:2      | Killed Terence
  1745 | D:2      | Reached XP level 4. HP: 27/38 MP: 4/4
  2230 | D:3      | Identified the +1 leather armour "Xemm" {rElec Dex+4}
  2285 | D:3      | Noticed Jessica
  2291 | D:3      | Found a shimmering blue altar of Sif Muna.
  2293 | D:3      | Killed Jessica
  2294 | D:3      | Reached skill level 1 in Dodging
  2360 | D:3      | Found a blossoming altar of Fedhas.
  2472 | D:3      | Reached XP level 5. HP: 45/45 MP: 5/5
  2678 | D:3      | Noticed Natasha
  2686 | D:3      | Killed Natasha
  2710 | D:3      | Identified the staff of a bailey {rElec rPois rCorr Str+3
                  | Int+2 Air}
  2866 | D:4      | Noticed Eustachio
  2918 | D:4      | Eustachio changed into Eustachio the iguana
  2918 | D:4      | Noticed Eustachio
  3085 | D:4      | Mangled by Eustachio the iguana

Illustrated notes

Levels and vault maps discovered:
D:1:      roderic_dead_forest, layout_loops_corners, serial_forest,
          infiniplex_forest_clump_cross, infiniplex_forest_corner_2,
          infiniplex_forest_straight_1, infiniplex_forest_lined_3,
          infiniplex_forest_clump_diagonal, infiniplex_forest_clump_medium,
          infiniplex_forest_corner_2
D:2:      layout_basic, ebering_ecumenical_altar_hall, basic_altar, uniq_terence
D:3:      layout_rooms, mainiacjoe_overflow_six_doors_small,
          nicolae_overflow_crystal_walls, serial_corexii_hall,
          corexii_hall_statues_s, corexii_hall_statues_t,
          chequers_hall_statues_y, chequers_hall_statues_y,
          chequers_hall_statues_wall_a, chequers_hall_statues_y,
          minmay_liquid_box, uniq_jessica, uniq_natasha
D:4:      minmay_chambers_of_twos, layout_basic,
          mainiacjoe_overflow_catch_the_wave, grunt_decor_clamped,
          minmay_statues_item, minmay_goblin_kobold_house, uniq_eustachio,
          uniq_crazy_yiuf_cottage

Skill      XL: |  1  2  3  4  5 |
---------------+----------------+-----
Armour         | 4 |  4.9
Long Blades    | 2 3 |  3.0
Fighting       | 3 |  3.1
Dodging        | 1 |  1.1
Shields        | 4 |  4.4
Stealth        | |  0.2

Action                     |  1- 3 |  4- 6 || total
---------------------------+-------+-------++-------
  Melee: Long sword        |   130 |    99 ||   229
         Tailslap          |    14 |    12 ||    26
  Throw: Boomerang         |       |     3 ||     3
  Evoke: Wand              |       |     2 ||     2
    Use: Potion            |     2 |       ||     2
         Scroll            |     1 |     3 ||     4
 Armour: Scale mail        |    89 |    81 ||   170
  Dodge: Dodged            |    45 |    34 ||    79
  Block: Buckler           |    30 |    32 ||    62
